 Dungeon Crawl Stone Soup version 0.19.5 (webtiles) character file.

7204 JeffiDaFish the Destroyer (level 11, -16/54 HPs)
             Began as a Tengu Fire Elementalist on Mar 15, 2018.
             Was a Priest of Vehumet.
             Demolished by a komodo dragon (29 damage)
             ... on level 1 of the Lair of Beasts.
             The game lasted 00:34:29 (10635 turns).

JeffiDaFish the Destroyer (TeFE)                   Turns: 10635, Time: 00:34:30

Health: -16/54     AC:  7    Str:  8    XL:     11   Next: 11%
Magic:  2/26       EV: 18    Int: 20    God:    Vehumet [***...]
Gold:   395        SH:  0    Dex: 18    Spells: 6 memorised, 12 levels left

rFire  . . .     SeeInvis .     r - +2 falchion (elec)
rCold  . . .     Gourm    .     a - +2 robe
rNeg   . . .     Faith    .     (no shield)
rPois  .         Spirit   .     (helmet restricted)
rElec  .         Reflect  .     (no cloak)
rCorr  .         Harm     .     p - +2 pair of gloves
MR     .....                    (boots unavailable)
Stlth  ++........               (no amulet)
                                j - +5 ring of evasion
                                k - +4 ring of dexterity

@: no status effects
A: beak, talons 3, able to fly 1
a: Fly, Renounce Religion


You were on level 1 of the Lair of Beasts.
You worshipped Vehumet.
Vehumet was most pleased with you.
You were hungry.

You visited 3 branches of the dungeon, and saw 10 of its levels.
You also visited: Ossuary.

You collected 395 gold pieces.

Inventory:

Hand Weapons
 r - a +2 falchion of electrocution (weapon)
Armour
 a - a +2 robe (worn)
 p - a +2 pair of gloves (worn)
Jewellery
 j - a +5 ring of evasion (right hand)
 k - a +4 ring of dexterity (left hand)
 n - an uncursed ring of protection from fire
 s - an uncursed ring of poison resistance
Wands
 t - a wand of lightning (8/15)
Scrolls
 d - 5 scrolls of fog
 e - 5 scrolls of remove curse
 f - a scroll of identify
 h - 3 scrolls of teleportation
 v - a scroll of magic mapping
 A - 2 scrolls of blinking
Potions
 g - 5 potions of curing
 i - a potion of ambrosia
Books
 b - a book of Flames

   Spells                             Type                      Level
   a - Flame Tongue                   Conjuration/Fire             1
   b - Throw Flame                    Conjuration/Fire             2
   c - Conjure Flame                  Conjuration/Fire             3
   d - Inner Flame                    Hexes/Fire                   3
   e - Sticky Flame                   Conjuration/Fire             4
   f - Fireball                       Conjuration/Fire             5
 m - a book of Minor Magic

   Spells                             Type                      Level
   a - Magic Dart                     Conjuration                  1
   b - Blink                          Translocation                2
   c - Call Imp                       Summoning                    2
   d - Repel Missiles                 Charms/Air                   2
   e - Slow                           Hexes                        2
   f - Conjure Flame                  Conjuration/Fire             3
   g - Mephitic Cloud                 Conjuration/Poison/Air       3
Comestibles
 c - 11 bread rations
 l - 5 fruits
 o - 3 meat rations
 q - a slice of pizza
 u - 4 chunks of flesh


   Skills:
 - Level 2.1 Dodging
 - Level 2.0 Stealth
 * Level 10.0 Spellcasting
 * Level 13.5 Conjurations
 + Level 8.6 Fire Magic


You had 12 spell levels left.
You knew the following spells:

 Your Spells              Type           Power        Failure   Level  Hunger
a - Flame Tongue          Conj/Fire      #####        1%          1    None
b - Conjure Flame         Conj/Fire      ######..     1%          3    None
c - Sticky Flame          Conj/Fire      ######..     1%          4    ##.....
d - Fireball              Conj/Fire      ######....   1%          5    ####...
e - Mephitic Cloud        Conj/Pois/Air  ####....     1%          3    None
f - Blink                 Tloc           N/A          12%         2    None


Dungeon Overview and Level Annotations

Branches:
Dungeon (8/15)             Temple (1/1) D:4            Lair (1/6) D:8

Altars:
Ashenzari
Cheibriados
Dithmenos
Elyvilon
Fedhas
Gozag
Hepliaklqana
Kikubaaqudgha
Makhleb
Nemelex Xobeh
Okawaru
Qazlal
Ru
Sif Muna
Trog
Uskayaw
Vehumet
Xom
Yredelemnul
Zin
The Shining One

Shops:
D:8 (

Annotations:
D:8 dialectric's ghost, novice MiFi


Innate Abilities, Weirdness & Mutations

You have a beak for a mouth.
You have claws for feet.
You can fly.


Message History

The fireball explodes!
The fireball engulfs the komodo dragon.
The komodo dragon is heavily wounded.
You hear an angry hiss.
A black mamba comes into view.
A bullfrog comes into view.
You hear the crackling of a distant melting archway.
Casting: Fireball
Confirm with . or Enter, or press ? or * to list all spells.
Aiming: Sticky Flame
Press: ? - help, Shift-Dir - straight line, f - black mamba, p - komodo dragon
Aim: a black mamba The sticky flame hits the black mamba.
The black mamba is lightly wounded.
The black mamba is covered in liquid flames!
The black mamba burns!
The black mamba closely misses you. The black mamba completely misses you.
You riposte.
You hit the black mamba.
The black mamba is moderately wounded.
The black mamba burns!
The komodo dragon bites you!!
Ouch! That really hurt!
You die...

#...#####
#.......##########
#................# .
#................. #.#
#...###..P.###.#.# ..##
#...##............
####..###...#.##...#####..
..........(......#<#
#..##.F..S@...#:.# ##
#........l####.+.#
...#.#....#..####...#
.>....#.##%#...##.8..
........#.....##...#..
##.#......####.#.?. ###
###.............
###....8....## ##.......##


You could see a komodo dragon, a black mamba (burning) and a bullfrog.

Vanquished Creatures
  A hydra (Lair:1)
  Pikel (D:7)
  A komodo dragon (Lair:1)
  The ghost of destrovel the Chopper, an amateur DsGl (D:4)
  Sigmund (D:5)
  6 yaks (D:7)
  Eustachio (D:6)
  A human (D:5)
  A steam dragon (D:8)
  Menkaure (D:6)
  Duvessa (D:7)
  A porcupine (Lair:1)
  A black bear (D:6)
  An ice beast (D:8)
  A slave (D:7)
  2 orc warriors
  3 sky beasts
  3 phantoms
  A centaur (D:7)
  4 ogres
  A crocodile (Lair:1)
  Blork the orc (D:4)
  3 bullfrogs
  Dowan (D:7)
  14 scorpions
  The ghost of chris0x the Charlatan, a weakling DDAr (D:3)
  2 bullfrog zombies
  3 human zombies (Ossuary)
  4 orc priests
  6 centaur zombies
  4 hounds
  A jelly (D:8)
  2 centaur skeletons
  3 orc wizards
  2 iguanas
  Terence (D:2)
  3 worker ants
  A killer bee zombie (D:8)
  3 big kobold zombies (Ossuary)
  A hound skeleton (D:5)
  3 mummies (Ossuary)
  A howler monkey zombie (D:6)
  16 gnolls
  13 adders
  A scorpion zombie (Ossuary)
  An adder zombie (D:5)
  2 adder skeletons
  2 worms
  2 dart slugs
  8 leopard geckos
  17 orcs
  7 giant cockroaches
  11 goblins
  10 hobgoblins
  9 jackals
  2 quokkas (D:5)
  A ball python (D:2)
  12 bats
  7 frilled lizards
  4 gnoll zombies (Ossuary)
  A goblin zombie (Ossuary)
  4 hobgoblin zombies (Ossuary)
  A jackal skeleton (D:5)
  A jackal zombie (D:5)
  3 kobolds
  A kobold skeleton (D:5)
  A kobold zombie (Ossuary)
  A leopard gecko skeleton (D:4)
  A leopard gecko zombie (D:5)
  2 orc zombies (Ossuary)
  10 rats
  2 rat zombies (D:6)
  A fungus (D:8)
248 creatures vanquished.

Vanquished Creatures (others)
  A plant (D:8)
1 creature vanquished.

Grand Total: 249 creatures vanquished

Notes
Turn   | Place    | Note
-------+----------+-------------------------------------------
     0 | D:1      | JeffiDaFish the Tengu Fire Elementalist began the quest for the Orb.
     0 | D:1      | Reached XP level 1. HP: 10/10 MP: 4/4
    31 | D:1      | Reached skill level 2 in Conjurations
   213 | D:1      | Reached XP level 2. HP: 2/15 MP: 4/6
   656 | D:1      | Reached XP level 3. HP: 17/19 MP: 7/7
   664 | D:1      | Learned a level 3 spell: Conjure Flame
  1601 | D:2      | Noticed Terence
  1639 | D:2      | Killed Terence
  1639 | D:2      | Reached skill level 3 in Conjurations
  1639 | D:2      | Reached XP level 4. HP: 23/24 MP: 3/9
  2156 | D:2      | Gained mutation: You can fly. [Tengu growth]
  2156 | D:2      | Reached XP level 5. HP: 17/28 MP: 2/11
  2177 | D:2      | Learned a level 4 spell: Sticky Flame
  2322 | D:2      | Reached skill level 4 in Conjurations
  2773 | D:3      | Noticed chris0x's ghost (weakling DDAr)
  2785 | D:3      | Killed chris0x's ghost
  2785 | D:3      | Reached XP level 6. HP: 18/32 MP: 0/12
  2935 | D:3      | Noticed a sky beast
  2942 | D:3      | Killed a sky beast
  2942 | D:3      | Reached skill level 5 in Conjurations
  3151 | D:3      | Learned a level 5 spell: Fireball
  3602 | D:4      | Found a hazy altar of Hepliaklqana.
  3620 | D:4      | Noticed destrovel's ghost (amateur DsGl)
  3641 | D:4      | Killed destrovel's ghost
  3641 | D:4      | Reached skill level 6 in Conjurations
  3641 | D:4      | Reached XP level 7. HP: 36/36 MP: 1/15
  3734 | D:4      | Noticed Blork the orc
  3741 | D:4      | Killed Blork the orc
  3741 | D:4      | Reached skill level 5 in Spellcasting
  3777 | D:4      | Reached skill level 5 in Fire Magic
  4122 | D:4      | Reached skill level 7 in Conjurations
  4154 | D:4      | Found a staircase to the Ecumenical Temple.
  4172 | D:4      | Found a bloodstained altar of Trog.
  4172 | D:4      | Found an ancient bone altar of Kikubaaqudgha.
  4384 | Temple   | Entered the Ecumenical Temple
  4448 | Temple   | Became a worshipper of Vehumet
  4512 | D:4      | Reached XP level 8. HP: 41/41 MP: 13/17
  4743 | D:5      | Entered Level 5 of the Dungeon
  5044 | D:5      | Reached skill level 8 in Conjurations
  5210 | D:5      | Reached * piety under Vehumet
  5210 | D:5      | Offered knowledge of Sting by Vehumet.
  5301 | D:5      | Noticed Sigmund
  5310 | D:5      | Killed Sigmund
  5421 | D:5      | Found a runed door.
  5431 | D:5      | Found a basalt altar of Yredelemnul.
  5452 | D:5      | Reached skill level 9 in Conjurations
  6010 | D:6      | Reached XP level 9. HP: 45/45 MP: 13/20
  6251 | D:6      | Found a sand-covered staircase.
  6266 | Ossuary  | Entered an ossuary
  6298 | Ossuary  | Reached skill level 10 in Conjurations
  6384 | Ossuary  | Offered knowledge of Magic Dart by Vehumet.
  6386 | Ossuary  | Reached ** piety under Vehumet
  6651 | Ossuary  | Offered knowledge of Throw Frost by Vehumet.
  6978 | D:6      | Learned a level 3 spell: Mephitic Cloud
  6981 | D:6      | Learned a level 2 spell: Blink
  7012 | D:6      | Noticed Eustachio
  7015 | D:6      | Noticed Menkaure
  7022 | D:6      | Killed Menkaure
  7022 | D:6      | Reached skill level 11 in Conjurations
  7030 | D:6      | Killed Eustachio
  7345 | D:7      | Reached XP level 10. HP: 49/50 MP: 19/23
  7359 | D:7      | Reached *** piety under Vehumet
  7371 | D:7      | HP: 1/50 [yak (10)]
  7699 | D:7      | Reached skill level 12 in Conjurations
  7795 | D:7      | Noticed Dowan
  7797 | D:7      | Noticed Duvessa
  7801 | D:7      | Killed Dowan
  7808 | D:7      | Killed Duvessa
  8251 | D:7      | Noticed Pikel
  8380 | D:7      | Killed Pikel
  9198 | D:8      | Noticed dialectric's ghost (novice MiFi)
  9821 | D:8      | Found a staircase to the Lair.
 10020 | D:8      | Found Razyqe's Weapon Shop.
 10196 | D:8      | Reached skill level 13 in Conjurations
 10482 | Lair:1   | Entered Level 1 of the Lair of Beasts
 10612 | Lair:1   | Noticed a five-headed hydra
 10625 | Lair:1   | Reached XP level 11. HP: 11/54 MP: 7/25
 10625 | Lair:1   | Killed a five-headed hydra
 10625 | Lair:1   | Offered knowledge of Fulminant Prism by Vehumet.
 10625 | Lair:1   | Reached skill level 10 in Spellcasting
 10635 | Lair:1   | Demolished by a komodo dragon

Skill      XL: |  1  2  3  4  5  6  7  8  9 10 11 |
---------------+----------------------------------+-----
Conjurations   | 2 3 4 6 7 9 11 13 | 13.5
Spellcasting   | 3 4 5 6 8 9 10 | 10.0
Fire Magic     | 4 5 6 7 8 |  8.6
Dodging        | |  2.1
Stealth        | |  2.0

Action                   |  1- 3 |  4- 6 |  7- 9 | 10-12 || total
-------------------------+-------+-------+-------+-------++-------
Melee: Dagger            |    33 |    56 |    57 |       ||   146
       Kick              |     9 |    13 |    53 |    29 ||   104
       Peck              |     5 |     7 |    32 |    17 ||    61
       Falchion          |       |       |   109 |    63 ||   172
 Cast: Flame Tongue      |    50 |    79 |   122 |    67 ||   318
       Sticky Flame      |       |     6 |    29 |    27 ||    62
       Conjure Flame     |       |     1 |     1 |     3 ||     5
       Fireball          |       |       |     2 |     4 ||     6
       Mephitic Cloud    |       |       |     1 |       ||     1
       Blink             |       |       |       |     1 ||     1
  Use: Scroll            |     3 |     5 |    12 |     3 ||    23
       Potion            |     1 |     1 |     6 |     1 ||     9
 Stab: Sleeping          |     1 |     1 |     2 |     2 ||     6
       Distracted        |       |       |     1 |       ||     1
  Eat: Chunk             |     2 |     9 |    11 |    12 ||    34
       Meat ration       |       |       |     1 |       ||     1
Armor: Robe              |    29 |    13 |    33 |    15 ||    90
Dodge: Dodged            |    38 |    59 |   190 |    77 ||   364
       Rpst.: Falchion   |       |       |    42 |    29 ||    71
